 Dungeon Crawl Stone Soup version 0.23.1-37-gaa34b87b72 (webtiles) character file.

Game seed: 17718075626912097430

5514 Norn the Slinger (level 11, -29/77 HPs)
             Began as a Halfling Hunter on Mar 25, 2019.
             Was an Elder of Okawaru.
             Killed from afar by an ice dragon (37 damage)
             ... with a blast of cold
             ... on level 9 of the Dungeon.
             The game lasted 00:29:29 (10997 turns).

Norn the Slinger (Halfling Hunter)                 Turns: 10997, Time: 00:29:29

Health: -29/77     AC: 10    Str: 13    XL:     11   Next: 1%
Magic:  15/15      EV: 21    Int: 12    God:    Okawaru [****..]
Gold:   322        SH:  0    Dex: 16    Spells: 10/10 levels left

rFire    . . .     SeeInvis +   a - +2 hunting sling
rCold    . . .     Gourm    +   (shield restricted)
rNeg     . . .     Faith    .   J - +0 troll leather armour
rPois    .         Spirit   .   i - +0 helmet
rElec    .         Reflect  .   v - +1 cloak
rCorr    .         Harm     .   (no gloves)
MR       .....                  (no boots)
Stlth    ++........             P - amulet of the gourmand
HPRegen  0.62/turn              z - ring of see invisible
MPRegen  0.14/turn              t - +3 ring of protection

@: no status effects
A: small, mutation resistance 1
a: Heroism, Renounce Religion


You were on level 9 of the Dungeon.
You worshipped Okawaru.
Okawaru was greatly pleased with you.
You were hungry.

You visited 2 branches of the dungeon, and saw 10 of its levels.
You also visited: Sewer.

You collected 598 gold pieces.
You spent 276 gold pieces at shops.

Inventory:

Hand Weapons
 a - a +2 hunting sling (weapon)
 b - a +0 short sword
 u - a +0 blowgun
   (You took it off a kobold on level 3 of the Dungeon)
 x - a +0 falchion
   (You took it off an orc on level 3 of the Dungeon)
 M - a +0 scimitar
   (You took it off an orc warrior on level 8 of the Dungeon)
Missiles
 d - 100 sling bullets (quivered)
 f - 120 stones
 g - 53 poisoned needles
 H - a throwing net {!f}
Armour
 c - a +0 leather armour
 i - a +0 helmet (worn)
   (You found it on level 2 of the Dungeon)
 v - a +1 cloak (worn)
   (You found it on level 3 of the Dungeon)
 A - a +0 scale mail
   (You took it off an orc on level 4 of the Dungeon)
 J - a +0 troll leather armour (worn)
   (You found it on level 9 of the Dungeon)
Jewellery
 t - a +3 ring of protection (right hand)
   (You found it on level 3 of the Dungeon)
 z - a ring of see invisible (left hand)
   (You bought it in a shop on level 8 of the Dungeon)
 P - an amulet of the gourmand (around neck)
   (You found it on level 8 of the Dungeon)
Wands
 r - a wand of enslavement (9)
   (You took it off Ijyb on level 3 of the Dungeon)
Scrolls
 h - a scroll of blinking {unknown}
 k - a scroll of immolation {!r}
 l - 3 scrolls of enchant weapon
 p - 4 scrolls of teleportation {unknown}
 y - a scroll of remove curse {@r2}
 B - a scroll of magic mapping {unknown}
 I - a scroll of brand weapon {unknown}
 L - a scroll of enchant armour {unknown}
 Q - a scroll of vulnerability {unknown}
 R - a scroll of identify {@r1}
Potions
 j - a potion of brilliance {unknown}
 m - 3 potions of haste {@q3}
 n - 5 potions of curing {@q1}
 o - 3 potions of ambrosia
 q - a potion of flight {unknown}
 s - 2 potions of heal wounds {unknown}
 w - 2 potions of magic {unknown}
 C - a potion of degeneration {unknown}
 D - a potion of cancellation {unknown}
 E - 3 potions of agility
 G - a potion of mutation {unknown}
 K - 2 potions of resistance {unknown}
 O - a potion of invisibility
Comestibles
 e - 10 rations {!d}


   Skills:
 + Level 8.3 Fighting
 - Level 12.1 Slings
 + Level 9.8 Dodging
 - Level 1.1 Stealth
 - Level 6.0 Invocations


You had 10 spell levels left.
You didn't know any spells.
Your spell library was empty.

Dungeon Overview and Level Annotations

Branches:
Dungeon (9/15)             Temple (1/1) D:5            Lair (0/6) D:9
    Orc: D:9-12

Altars:
Ashenzari
Cheibriados
Elyvilon
Gozag
Hepliaklqana
Kikubaaqudgha
Makhleb
Nemelex Xobeh
Okawaru
Ru
Sif Muna
Trog
Uskayaw
Vehumet
Wu Jian
Xom
Yredelemnul
Zin

Shops:
D:8 *

Annotations:
D:3 Grinder
D:4 1 runed translucent door, Crazy Yiuf


Innate Abilities, Weirdness & Mutations

You are small and have problems with some larger weapons.
You are somewhat resistant to further mutation.


Message History

Aim: an ice dragon (lightly wounded, catching its breath)
You shoot a sling bullet.
The sling bullet hits the ice dragon but does no damage.
Firing (i - inventory. (/) - cycle)
d - 107 sling bullets (quivered)
Aim: an ice dragon (lightly wounded, catching its breath)
You shoot a sling bullet.
The sling bullet barely misses the ice dragon.
Firing (i - inventory. (/) - cycle)
d - 106 sling bullets (quivered)
Aim: an ice dragon (lightly wounded, catching its breath)
You shoot a sling bullet.
The sling bullet hits the ice dragon but does no damage.
Firing (i - inventory. (/) - cycle)
d - 105 sling bullets (quivered)
Aim: an ice dragon (freezing vapour, lightly wounded, catching its breath)
You shoot a sling bullet.
The sling bullet hits the ice dragon but does no damage.
Firing (i - inventory. (/) - cycle)
d - 104 sling bullets (quivered)
Aim: an ice dragon (lightly wounded, catching its breath)
You shoot a sling bullet.
The sling bullet hits the ice dragon but does no damage.
You hear a splash.
The ice dragon breathes frost at you. The blast of cold misses you.
Firing (i - inventory. (/) - cycle)
d - 103 sling bullets (quivered)
Aim: an ice dragon (lightly wounded, catching its breath)
You shoot a sling bullet. The sling bullet hits the ice dragon.
You hear a splash.
Firing (i - inventory. (/) - cycle)
d - 102 sling bullets (quivered)
Aim: an ice dragon (lightly wounded, catching its breath)
You shoot a sling bullet.
The sling bullet hits the ice dragon but does no damage.
You hear a splash.
Firing (i - inventory. (/) - cycle)
d - 101 sling bullets (quivered)
Aim: an ice dragon (freezing vapour, lightly wounded, catching its breath)
You shoot a sling bullet. The sling bullet hits the ice dragon!
You hear a splash.
The ice dragon is engulfed in freezing vapours.
The ice dragon breathes frost at you. The blast of cold hits you!!!
Ouch! That really hurt!
* * * LOW HITPOINT WARNING * * *
Unknown command.
As you read the scroll labeled DIJUOL JEIBUXA, it crumbles to dust.
You hear a loud clanging noise!
It was a scroll of noise.
The ice dragon is engulfed in freezing vapours.
As you read the scroll labeled FIZEODYMUMN, it crumbles to dust.
You smell wet wool.
It was a scroll of random uselessness.
The ice dragon breathes frost at you. The blast of cold hits you!!!
You die...

########## ...≈≈≈≈..###
.(((((D@...##
$..≈≈≈......###
$≈≈≈≈.........#####
≈≈≈≈≈.............######
≈≈≈≈........#####......#
#≈≈≈.......## ######.#
#≈≈≈≈...#### #..
######### ##. ####.


You could see an ice dragon.

Vanquished Creatures
  A two-headed ogre (D:9)
  A troll (D:9)
  A hippogriff (D:9)
  A yak (D:9)
  A porcupine (D:8)
  4 sky beasts
  A hornet zombie (D:9)
  5 orc warriors
  An ice beast (D:5)
  A phantom (D:6)
  5 ogres
  A necrophage (D:7)
  An eye of draining (D:7)
  4 centaurs
  A crocodile (D:8)
  Blork the orc (D:4)
  A big kobold (D:9)
  4 bullfrogs
  A gnoll sergeant (D:7)
  8 killer bees
  A crimson imp (D:9)
  A jelly (D:8)
  6 orc priests
  10 orc wizards
  A bullfrog skeleton (D:8)
  4 hounds
  A centaur skeleton (D:6)
  2 iguanas
  Ijyb (D:3)
  9 worker ants
  A hound zombie (D:4)
  4 worker ant zombies
  10 adders
  4 gnolls (D:7)
  A shadow imp (D:6)
  2 adder zombies
  An adder skeleton (D:8)
  6 worms
  A dart slug (D:1)
  5 leopard geckos
  30 orcs
  3 giant cockroaches
  2 gnoll zombies (D:9)
  6 goblins
  9 hobgoblins
  22 jackals
  18 kobolds
  2 quokkas
  5 ball pythons
  3 bats
  6 frilled lizards
  A jackal skeleton (D:9)
  5 rats
  2 fungi
229 creatures vanquished.

Notes
Turn   | Place    | Note
-------+----------+-------------------------------------------
     0 | D:1      | Norn the Halfling Hunter began the quest for the Orb.
     0 | D:1      | Reached XP level 1. HP: 14/14 MP: 1/1
    36 | D:1      | Reached skill level 6 in Slings
   166 | D:1      | Reached XP level 2. HP: 19/19 MP: 2/2
   678 | D:2      | Reached XP level 3. HP: 24/24 MP: 3/3
   863 | D:2      | Found a sacrificial altar of Ru.
  1055 | D:2      | Reached XP level 4. HP: 26/30 MP: 4/4
  1235 | D:2      | Reached skill level 7 in Slings
  1555 | D:3      | Reached XP level 5. HP: 35/35 MP: 5/5
  1557 | D:3      | Noticed Ijyb
  1566 | D:3      | Killed Ijyb
  2136 | D:3      | Reached skill level 8 in Slings
  2430 | D:3      | Reached XP level 6. HP: 32/42 MP: 6/6
  2759 | D:3      | Noticed Grinder
  3047 | D:4      | Found a glowing drain.
  3047 | D:4      | Noticed Blork the orc
  3060 | D:4      | Killed Blork the orc
  3106 | Sewer    | Entered a sewer
  4232 | D:4      | Reached skill level 9 in Slings
  4232 | D:4      | Reached XP level 7. HP: 46/46 MP: 7/7
  5065 | D:4      | Found a runed translucent door.
  5066 | D:4      | Noticed Crazy Yiuf
  5100 | D:5      | Entered Level 5 of the Dungeon
  5139 | D:5      | Found a staircase to the Ecumenical Temple.
  5154 | Temple   | Entered the Ecumenical Temple
  5460 | Temple   | Became a worshipper of Warmaster Okawaru
  5605 | D:5      | Reached skill level 10 in Slings
  5795 | D:5      | Reached skill level 5 in Dodging
  5795 | D:5      | Reached XP level 8. HP: 54/54 MP: 8/8
  6559 | D:6      | Reached skill level 11 in Slings
  6564 | D:6      | Reached * piety under Okawaru
  6871 | D:6      | Reached skill level 5 in Fighting
  6871 | D:6      | Reached XP level 9. HP: 61/61 MP: 9/9
  7081 | D:6      | Reached skill level 12 in Slings
  7314 | D:7      | Found a bloodstained altar of Trog.
  7340 | D:7      | Reached ** piety under Okawaru
  7340 | D:7      | Reached skill level 1 in Invocations
  7375 | D:7      | Found a shimmering altar of Xom.
  8071 | D:7      | Found a snail-covered altar of Cheibriados.
  8450 | D:7      | Reached *** piety under Okawaru
  8641 | D:7      | Reached XP level 10. HP: 48/69 MP: 13/13
  8875 | D:8      | Received a gift from Okawaru
  8917 | D:8      | Found a white marble altar of Elyvilon.
  8990 | D:8      | Found a shattered altar of Ashenzari.
  9259 | D:8      | Found Vulampeeqe's General Store.
  9291 | D:8      | Bought an uncursed ring of see invisible for 180 gold
                  | pieces
  9291 | D:8      | Bought a potion of invisibility for 96 gold pieces
  9302 | D:8      | Reached skill level 5 in Invocations
  9505 | D:8      | Received a gift from Okawaru
  9883 | D:9      | Reached **** piety under Okawaru
 10456 | D:9      | Found a basalt altar of Yredelemnul.
 10525 | D:9      | Received a gift from Okawaru
 10692 | D:9      | Noticed a two-headed ogre
 10714 | D:9      | Killed a two-headed ogre
 10714 | D:9      | Received a gift from Okawaru
 10743 | D:9      | Found a hazy altar of Hepliaklqana.
 10850 | D:9      | Found a staircase to the Lair.
 10867 | D:9      | Reached XP level 11. HP: 45/77 MP: 15/15
 10984 | D:9      | Noticed an ice dragon
 10997 | D:9      | Killed from afar by an ice dragon

Skill      XL: |  1  2  3  4  5  6  7  8  9 10 |
---------------+-------------------------------+-----
Slings         | 6 7 8 9 10 11 12 | 12.1
Fighting       | 2 3 4 5 6 8 |  8.3
Dodging        | 3 4 5 6 7 9 |  9.8
Invocations    | 4 6 |  6.0
Stealth        | |  1.1

Action                   |  1- 3 |  4- 6 |  7- 9 | 10-12 || total
-------------------------+-------+-------+-------+-------++-------
Melee: Falchion          |       |     1 |    22 |       ||    23
       Short sword       |       |    12 |       |       ||    12
       Scimitar          |       |       |       |     8 ||     8
 Fire: Hunting sling     |    81 |   212 |   458 |   368 ||  1119
       Blowgun           |       |       |    42 |    21 ||    63
Evoke: Wand              |       |       |       |     2 ||     2
  Use: Scroll            |       |     8 |     1 |     6 ||    15
  Eat: Chunk             |       |     8 |     8 |     3 ||    19
       Ration            |       |     1 |     1 |     1 ||     3
Armor: Leather armour    |     4 |    14 |       |       ||    18
       Scale mail        |       |       |    50 |    31 ||    81
       Troll leather arm |       |       |       |    16 ||    16
Dodge: Dodged            |    16 |    70 |   145 |   156 ||   387
